 Dungeon Crawl Stone Soup version 0.24-a0-520-g8fd06ad0bc (webtiles) character file.

Game seed: 914017529435530615

156 vurker the Bolt Thrower (level 5, -11/32 HPs)
             Began as a Kobold Hunter on July 27, 2019.
             Was an Initiate of Okawaru.
             Mangled by Menkaure (18 damage)
             ... on level 4 of the Dungeon.
             The game lasted 00:06:31 (4247 turns).

vurker the Bolt Thrower (Kobold Hunter)             Turns: 4247, Time: 00:06:32

Health: -11/32     AC: 10    Str: 11    XL:     5   Next: 64%
Magic:  6/6        EV: 13    Int: 15    God:    Okawaru [......]
Gold:   138        SH:  0    Dex: 15    Spells: 4/4 levels left

rFire    . . .     SeeInvis .   b - +0 short sword (venom)
rCold    . . .     Gourm    .   (shield restricted)
rNeg     . . .     Faith    .   i - +0 ring mail
rPois    +         Spirit   .   m - +1 hat {Int+3}
rElec    .         Reflect  .   (no cloak)
rCorr    .         Harm     .   (no gloves)
MR       .....                  (no boots)
Stlth    +.........             (no amulet)
HPRegen  0.10/turn              c - ring of poison resistance
MPRegen  0.10/turn              s - +4 ring of protection

@: no status effects
A: small, carnivore
a: Renounce Religion


You were on level 4 of the Dungeon.
You worshipped Okawaru.
Okawaru was noncommittal.
You were very full.

You visited 2 branches of the dungeon, and saw 5 of its levels.

You collected 138 gold pieces.

Inventory:

Hand Weapons
 a - a +1 hand crossbow
 b - a +0 short sword of venom (weapon)
   (You took it off a kobold on level 1 of the Dungeon)
Missiles
 t - 19 bolts
Armour
 i - a +0 ring mail (worn)
   (You found it on level 1 of the Dungeon)
 m - a +1 hat of intelligence (worn)
   (You found it on level 1 of the Dungeon)
Jewellery
 c - a ring of poison resistance (left hand)
   (You found it on level 2 of the Dungeon)
 s - a +4 ring of protection (right hand)
   (You found it on level 2 of the Dungeon)
Wands
 d - a wand of iceblast (11)
   (You found it on level 2 of the Dungeon)
Scrolls
 h - a scroll of blinking
 l - a scroll of magic mapping
 n - a scroll of remove curse
 o - 6 scrolls of teleportation
Potions
 g - a potion of curing {unknown}
 k - a potion of degeneration {unknown}
 p - a potion of resistance {unknown}
 q - a potion of lignification {unknown}
 u - a potion of haste
 v - a potion of brilliance {unknown}
 w - a potion of heal wounds {unknown}
Comestibles
 e - 10 rations


   Skills:
 + Level 3.1 Fighting
 * Level 3.8 Short Blades
 * Level 6.0 Crossbows
 - Level 2.4 Dodging
 - Level 1.3 Stealth
 + Level 0.0 Invocations
 + Level 1.3 Evocations


You had 4 spell levels left.
You didn't know any spells.
Your spell library was empty.

Dungeon Overview and Level Annotations

Branches:
Dungeon (4/15)             Temple (1/1) D:4

Altars:
Ashenzari
Cheibriados
Dithmenos
Fedhas
Gozag
Hepliaklqana
Kikubaaqudgha
Makhleb
Nemelex Xobeh
Okawaru
Qazlal
Ru
Trog
Uskayaw
Vehumet
Wu Jian
Xom
Zin
The Shining One

Annotations:
D:4 Menkaure


Innate Abilities, Weirdness & Mutations

You are small and have problems with some larger weapons.
You are carnivorous and can eat meat at any time.


Message History

You climb downwards.
Welcome back to the Ecumenical Temple!
There is a staircase back to the Dungeon here.
You hit the worm.
The worm is poisoned.
The worm misses you.
You hit the worm. You barely miss the worm. The worm bites you!
* * * LOW HITPOINT WARNING * * *
Your ring mail prevents you from hitting the worm.
The worm bites you.
* * * LOW HITPOINT WARNING * * *
Your +0 short sword of venom stops dripping with poison.
a - a +1 hand crossbow (weapon)
Firing (i - inventory)
t - 19 bolts (quivered)
Aim: a worm (almost dead, poisoned)
You shoot a bolt. The bolt hits the worm!
You kill the worm!
Okawaru accepts your kill.
t - 19 bolts (gained 1)
There is a staircase back to the Dungeon here.
Your +0 short sword of venom begins to drip with poison!
b - a +0 short sword of venom (weapon)
You start resting.
You start resting.
Okay, then.
Okay, then.
You can't go down here!
You climb upwards.
Welcome back to the Dungeon!
Level annotation: Menkaure
There is a staircase to the Ecumenical Temple here.
Menkaure casts a spell.
Menkaure seems to speed up.
You hit Menkaure. Menkaure barely misses you.
You hit Menkaure but do no damage. Menkaure misses you.
Your ring mail prevents you from hitting Menkaure.
Menkaure hits you but does no damage.
You hit Menkaure but do no damage.
Menkaure sighs drily.
Menkaure gestures at you while chanting.
Pain shoots through your body!
You hit Menkaure but do no damage.
Menkaure rustles a few words.
Menkaure casts a spell at you. Pain shoots through your body!
* * * LOW HITPOINT WARNING * * *
You hit Menkaure.
Menkaure calls on the powers of darkness!
Your body is wracked with pain!
* * * LOW HITPOINT WARNING * * *
You barely miss Menkaure. Menkaure hits you!!
Ouch! That really hurt!
You die...

*.................,,,,,,,,
*,.###.....###..##*,,***,,
*.,#≈≈≈≈≈≈≈≈≈#..#**,,***,,
*?.#≈#.....#≈#.#..,,,,,,,,
*...≈.......≈..#,#*,,***,,
*...≈.......≈..#.**,,***,,
*...≈...>...≈....,,,,,,,,,
*...≈.......≈..#.*******,,
*...≈....@..≈....,,,* *,,
*..#≈#...M.#≈#.#.**,* ***,
*..#≈≈≈≈≈≈≈≈≈#.#,**,* *,,,
*,,###.....###,*,,,,* *,,,
*,,,........,,,***,,***,,,
*,,..########,**,,,,,**,,,
**###* *,,,,,,,,**,,,
****,*,*,***** *,*,*,*


You could see Menkaure.

Vanquished Creatures
  3 gnolls
  3 adders
  An adder skeleton (D:4)
  2 worms
  3 leopard geckos
  An orc (D:3)
  15 bats
  7 giant cockroaches
  14 goblins
  5 hobgoblins
  6 jackals
  8 kobolds
  5 frilled lizards
  7 rats
80 creatures vanquished.

Notes
Turn   | Place    | Note
-------+----------+-------------------------------------------
     0 | D:1      | vurker the Kobold Hunter began the quest for the Orb.
     0 | D:1      | Reached XP level 1. HP: 12/12 MP: 1/1
   304 | D:1      | Reached skill level 1 in Short Blades
   304 | D:1      | Reached skill level 5 in Crossbows
   308 | D:1      | Reached XP level 2. HP: 12/18 MP: 2/2
   865 | D:1      | Reached XP level 3. HP: 22/22 MP: 3/3
  1795 | D:2      | Reached XP level 4. HP: 27/27 MP: 4/4
  2836 | D:3      | Reached XP level 5. HP: 31/32 MP: 5/5
  3142 | D:2      | Reached skill level 6 in Crossbows
  3267 | D:3      | Reached skill level 1 in Evocations
  3525 | D:3      | Found a burning altar of Makhleb.
  3531 | D:3      | Found a hazy altar of Hepliaklqana.
  3540 | D:3      | Found a glowing golden altar of the Shining One.
  3659 | D:3      | Found a sacrificial altar of Ru.
  3904 | D:4      | Found a staircase to the Ecumenical Temple.
  3918 | D:4      | Noticed Menkaure
  3921 | Temple   | Entered the Ecumenical Temple
  3962 | Temple   | Became a worshipper of Warmaster Okawaru
  4247 | D:4      | Mangled by Menkaure

Levels and vault maps discovered:
D:1:      saegor_arrival_under_anarchy, layout_basic
D:2:      layout_basic, grunt_ministairs_15
D:3:      minmay_inner_zag, layout_rooms, lemuel_crystal_altar,
          chequers_temple_overflow_statue_of_worship
D:4:      layout_loops_cross, elyvilon_altar_3, minmay_temple_entry_water_ring,
          first_ration, uniq_menkaure
Temple:   regret_index_temple_waves

Skill      XL: |  1  2  3  4  5 |
---------------+----------------+-----
Short Blades   | 1 2 3 |  3.8
Crossbows      | 5 6 |  6.0
Fighting       | 3 |  3.1
Evocations     | 1 |  1.3
Dodging        | |  2.4
Stealth        | |  1.3

Action                   |  1- 3 |  4- 6 || total
-------------------------+-------+-------++-------
Melee: Short sword       |    83 |   115 ||   198
 Fire: Hand crossbow     |     6 |     5 ||    11
  Use: Scroll            |       |     8 ||     8
 Stab: Sleeping          |     1 |     3 ||     4
  Eat: Chunk             |    11 |     7 ||    18
Armor: Leather armour    |     4 |       ||     4
       Ring mail         |    16 |    44 ||    60
Dodge: Dodged            |    60 |    75 ||   135

Table legend:
 A = Non-vault XP
 B = Vault XP
 C = Vault XP percentage of total XP
 D = Non-vault monster count
 E = Vault monster count
 F = Vault count percentage of total count
                 A         B        C        D         E       F
            +---------+---------+-------+---------+---------+-------
      Total |     217 |       6 |   2.7 |      76 |       4 |   5.0
            +---------+---------+-------+---------+---------+-------
        D:1 |      50 |       0 |   0.0 |      29 |       0 |   0.0
        D:2 |     102 |       3 |   2.9 |      29 |       2 |   6.5
        D:3 |      54 |       3 |   5.3 |      15 |       2 |  11.8
        D:4 |       5 |       0 |   0.0 |       1 |       0 |   0.0
     Temple |       6 |       0 |   0.0 |       2 |       0 |   0.0
            +---------+---------+-------+---------+---------+-------
